Map: Frozen Temple

Players

Amix

  • Race: Zerg Zerg
  • League: Platinum
  • Spawn Location: 5:00

Hellraiser - Winner!

  • Race: Protoss Protoss
  • League: Gold
  • Spawn Location: 11:00

VOD

Have the link to the VOD?

Description

Time

  • Played on: Nov. 6, 2016, 10:40 a.m.
  • Length: 34:04
Show
View Real Time Build Order
Export as new Build Order

Amix Zerg 

Build Orders: Pool First 

Get SALT Encoding   

  12  0:01  Drone  
  13  0:08  Drone  
  14  0:28  Spawning Pool  
  13  0:31  Drone  
  13  0:35  Extractor  
  13  0:37  Drone  
  14  0:45  Overlord  
  14  1:04  Drone x3  
  17  1:14  Queen  
  19  1:19  Drone  
  20  1:26  Drone  
  21  1:36  Overlord  
  21  1:45  Metabolic Boost  
  21  1:53  Overlord  
  21  2:00  Overlord  
  21  2:09  Zergling x2  
  22  2:19  Zergling x2  
  23  2:29  Zergling x2  
  25  2:30  Zergling x4  
  25  2:36  Hatchery  
  25  2:47  Zergling x2  
  26  3:00  Zergling x8  
  30  3:05  Queen  
  30  3:11  Zergling x2  
  33  3:41  Queen  
  34  3:57  Zergling x6  
  34  3:58  Zergling x8  
  40  4:08  Pneumatized Carapace  
  38  4:12  Zergling x6  
  41  4:19  Baneling Nest, Spore Crawler  
  39  4:37  Evolution Chamber  
  34  5:50  Queen x2  
  34  5:52  Drone x6  
  34  5:53  Drone x8  
  52  5:59  Spore Crawler  
  52  6:01  Spore Crawler  
  52  6:03  Overlord x2  
  52  6:04  Overlord x2  
  36  6:26  Burrow  
  36  6:40  Zerg Melee Weapons Level 1  
  36  6:44  Baneling x2  
  36  6:51  Extractor  
  35  6:56  Baneling x2  
  35  7:12  Spore Crawler  
  34  7:16  Baneling  
  34  7:17  Baneling  
  17  7:59  Zergling x14  
  17  8:00  Zergling x4  
  26  8:13  Drone x2  
  28  8:38  Drone x7  
  35  8:56  Queen  
  37  9:04  Spore Crawler  
  36  9:12  Zerg Ground Armor Level 1  
  36  9:26  Lair  
  36  9:28  Drone x3  
  39  9:40  Drone x3  
  42  9:47  Drone x3  
  45  9:58  Drone x4  
  49  10:03  Baneling x3  
  49  10:07  Drone  
  49  10:13  Drone x3  
  53  10:15  Drone  
  53  10:19  Drone, Extractor  
  54  10:29  Hydralisk Den  
  53  10:38  Queen x2  
  57  10:47  Extractor  
  56  11:01  Hydralisk  
  56  11:02  Hydralisk x5  
  67  11:07  Overlord  
  67  11:09  Overlord  
  67  11:16  Muscular Augments  
  67  11:35  Hydralisk x4  
  75  11:40  Overseer x3  
  75  12:03  Hatchery  
  74  12:29  Spore Crawler  
  73  12:32  Spore Crawler  
  72  12:39  Hydralisk  
  72  12:41  Overlord x7  
  75  12:51  Drone  
  75  12:53  Overlord  
  66  13:40  Hydralisk x5  
  66  13:41  Hydralisk x4  
  84  13:53  Hydralisk x2  
  88  14:00  Spine Crawler  
  87  14:03  Spine Crawler  
  86  14:10  Queen  
  86  14:15  Drone x2  
  90  14:17  Drone  
  91  14:34  Hydralisk x3  
  97  14:49  Drone x6  
  103  15:07  Drone  
  103  15:08  Drone x6  
  103  15:13  Extractor  
  109  15:14  Drone x2, Extractor  
  78  16:10  Hydralisk x7  
  78  16:11  Hydralisk x6  
  88  16:16  Baneling x3  
  100  16:40  Baneling x6  
  100  16:41  Baneling x7  
  100  16:42  Hydralisk  
  100  16:43  Hydralisk x5  
  81  17:20  Hydralisk  
  81  17:21  Hydralisk x7  
  97  17:36  Overlord x2  
  97  17:39  Hydralisk  
  99  17:52  Spine Crawler  
  99  17:54  Spine Crawler  
  49  18:57  Hydralisk x6  
  49  18:58  Hydralisk x7  
  75  19:04  Overseer  
  75  19:15  Drone x2  
  75  19:16  Drone x4  
  81  19:23  Hydralisk  
  83  19:38  Hydralisk  
  83  19:39  Hydralisk x3  
  91  19:51  Zergling x8  
  91  19:52  Zergling x4  
  79  20:33  Drone, Roach Warren  
  79  20:34  Drone x4  
  83  20:50  Zerg Missile Weapons Level 1  
  83  20:51  Lurker Den  
  83  20:53  Centrifical Hooks  
  83  20:56  Hatchery  
  82  20:57  Overseer x2  
  82  20:58  Overseer  
  82  20:59  Drone x5  
  82  21:00  Drone x3  
  90  21:15  Roach x5  
  100  21:21  Glial Reconstitution  
  100  21:32  Zergling x4  
  102  21:42  Hatchery  
  101  21:53  Hydralisk x3  
  107  21:54  Zergling x4  
  107  21:55  Roach, Zergling x2  
  107  21:56  Zergling x2  
  113  22:07  Drone x4  
  113  22:41  Roach  
  113  22:42  Roach x9  
  113  22:43  Roach x2  
  133  22:51  Zerg Missile Weapons Level 2  
  133  22:54  Roach x2  
  133  22:55  Drone  
  138  23:00  Drone x3  
  141  23:10  Extractor  
  141  23:11  Extractor  
  139  23:37  Overlord x6  
  139  23:58  Roach x6  
  139  23:59  Roach x8  
  139  24:00  Roach  
  169  24:07  Evolution Chamber  
  167  24:24  Roach x6  
  167  24:25  Roach x5  
  183  24:59  Overlord x6  
  174  25:33  Ravager  
  174  25:34  Ravager x17  
  192  25:40  Roach  
  192  25:41  Zergling x10  
  191  27:22  Hydralisk x3  
  185  27:27  Roach x7  
  166  27:52  Zerg Melee Weapons Level 2  
  157  28:04  Extractor  
  157  28:05  Extractor  
  154  28:15  Hydralisk x6  
  154  28:16  Hydralisk x6  
  154  28:18  Drone  
  154  28:19  Drone x9  
  165  28:20  Drone x6, Roach x17  
  170  28:30  Drone x6  
  170  28:31  Drone x5  
  179  29:05  Queen x2  
  179  29:06  Queen x3  
  189  29:23  Drone x5  
  194  29:24  Drone  
  193  29:41  Queen  
  187  30:08  Zerg Ground Armor Level 2  
  187  30:15  Overseer x6  
  187  30:16  Overseer x15  
  187  30:46  Hydralisk  
  187  30:48  Overlord x5  
  187  30:49  Overlord x7  
  189  30:50  Overlord x5  
  187  32:36  Hydralisk x3  
  187  32:37  Hydralisk x3  
  199  33:09  Hatchery  
  199  33:12  Hatchery  
Show
View Real Time Build Order
Export as new Build Order

Hellraiser Protoss - Winner!

Build Orders: Oracle Opening 

Get SALT Encoding   

  12  0:01  Probe (Chrono Boost)  
  13  0:12  Probe (Chrono Boost)  
  14  0:21  Pylon  
  14  0:24  Probe (Chrono Boost)  
  15  0:42  Gateway  
  15  0:44  Probe (Chrono Boost)  
  16  0:51  Assimilator  
  16  0:55  Probe (Chrono Boost)  
  17  0:57  Pylon  
  17  1:05  Probe (Chrono Boost)  
  18  1:16  Probe (Chrono Boost)  
  19  1:21  Assimilator  
  19  1:27  Probe (Chrono Boost)  
  20  1:36  Cybernetics Core  
  20  1:39  Probe (Chrono Boost)  
  21  1:46  Pylon  
  21  1:50  Probe (Chrono Boost)  
  24  1:54  Zealot  
  24  2:00  Probe (Chrono Boost)  
  25  2:11  Forge  
  25  2:13  Stargate  
  25  2:19  Warp Gate (Chrono Boost)  
  25  2:33  Mothership Core  
  27  2:37  Pylon  
  27  2:53  Nexus  
  27  3:00  Oracle (Chrono Boost)  
  30  3:11  Stalker  
  32  3:34  Photon Cannon  
  32  3:41  Photon Cannon  
  32  3:46  Photon Cannon  
  30  3:51  Photon Cannon  
  28  4:02  Oracle (Chrono Boost)  
  31  4:26  Robotics Facility  
  31  4:33  Oracle (Chrono Boost)  
  34  4:48  Photon Cannon  
  34  4:53  Pylon  
  34  4:59  Pylon  
  34  5:04  Phoenix (Chrono Boost)  
  36  5:26  Oracle (Chrono Boost)  
  43  5:57  Void Ray (Chrono Boost)  
  34  6:48  Void Ray (Chrono Boost)  
  34  6:50  Warp Prism (Chrono Boost)  
  40  6:59  Gateway  
  40  7:04  Gateway x2  
  40  7:25  Probe  
  40  7:26  Void Ray (Chrono Boost)  
  45  7:37  Probe  
  46  7:49  Probe  
  47  8:11  Pylon  
  47  8:19  Photon Cannon  
  47  8:20  Photon Cannon  
  47  8:21  Photon Cannon  
  47  8:24  Pylon  
  47  8:29  Probe  
  47  8:31  Void Ray (Chrono Boost)  
  52  8:39  Observer  
  53  8:45  Gateway  
  53  8:47  Gateway  
  53  8:49  Photon Cannon  
  53  8:52  Photon Cannon  
  53  9:08  Void Ray (Chrono Boost)  
  57  9:25  Nexus  
  57  9:29  Assimilator  
  57  9:31  Assimilator  
  57  9:55  Phoenix (Chrono Boost)  
  59  10:13  Probe  
  60  10:17  Phoenix (Chrono Boost)  
  62  10:25  Probe  
  63  10:30  Pylon  
  63  10:37  Probe  
  64  11:06  Probe  
  65  11:15  Void Ray (Chrono Boost)  
  65  11:17  Probe  
  69  11:19  Zealot x2  
  74  11:27  Probe  
  74  11:32  Zealot x2  
  79  11:34  Sentry  
  79  11:35  Sentry  
  79  11:38  Probe  
  84  11:45  Twilight Council  
  84  11:48  Probe  
  85  12:30  Pylon  
  85  12:33  Pylon  
  85  12:37  Pylon  
  85  12:38  Charge (Chrono Boost)  
  85  12:46  Pylon  
  85  12:49  Pylon  
  85  12:54  Zealot x2  
  85  12:55  Zealot x2  
  85  12:56  Pylon  
  85  12:58  Sentry  
  95  12:59  Pylon  
  95  13:11  Zealot  
  97  13:19  Stalker  
  99  13:25  Zealot  
  87  14:18  Protoss Ground Weapons Level 1 (Chrono Boost)  
  87  14:42  Nexus  
  87  14:44  Pylon  
  87  14:47  Pylon  
  87  14:49  Pylon  
  87  15:21  Photon Cannon  
  87  15:22  Photon Cannon  
  87  15:24  Zealot x2  
  69  15:39  Zealot  
  52  16:02  Mothership Core (Chrono Boost)  
  51  16:09  Zealot x3  
  51  16:10  Zealot  
  51  16:11  Zealot  
  57  16:12  Zealot  
  57  16:18  Protoss Shields Level 1 (Chrono Boost)  
  59  16:50  Zealot x2  
  59  16:51  Zealot x2  
  61  17:06  Mothership Core  
  45  17:19  Zealot  
  45  17:20  Zealot  
  45  17:21  Sentry  
  51  17:24  Sentry  
  51  17:28  Sentry  
  55  17:54  Zealot  
  55  17:55  Zealot x2  
  36  18:24  Mothership Core  
  36  18:32  Zealot x3  
  36  18:33  Zealot  
  42  18:35  Sentry  
  34  18:59  Zealot x2  
  34  19:00  Zealot, Sentry  
  42  19:25  Zealot  
  42  19:26  Sentry  
  42  19:27  Sentry x2  
  48  19:41  Protoss Ground Weapons Level 2 (Chrono Boost)  
  48  19:46  Sentry, Colossus  
  48  19:48  Colossus  
  48  19:50  Zealot  
  48  19:51  Zealot  
  52  20:28  Zealot x2  
  54  20:29  Zealot  
  58  21:20  Zealot x3  
  58  21:23  Nexus  
  64  21:26  Pylon  
  64  21:29  Pylon  
  64  21:41  Protoss Ground Armor Level 1 (Chrono Boost)  
  64  21:51  Probe  
  65  22:02  Probe  
  65  22:07  Sentry  
  65  22:08  Sentry x2  
  70  22:09  Sentry  
  70  22:12  Probe  
  75  22:17  Pylon  
  75  22:23  Probe  
  68  22:50  Probe  
  68  22:55  Photon Cannon  
  69  23:00  Probe  
  69  23:04  Sentry x2  
  69  23:05  Sentry  
  76  23:08  Probe  
  76  23:11  Probe  
  78  23:22  Probe  
  79  23:32  Probe  
  80  23:39  Assimilator  
  80  23:41  Assimilator  
  80  23:43  Photon Cannon  
  80  23:44  Probe  
  81  23:54  Probe  
  82  24:03  Protoss Shields Level 2 (Chrono Boost)  
  82  24:05  Probe  
  83  24:16  Probe  
  83  24:18  Pylon  
  84  24:26  Probe  
  85  25:09  Zealot  
  85  25:10  Zealot x2  
  85  25:11  Zealot  
  37  25:28  Mothership Core  
  32  25:37  Zealot x2  
  32  25:38  Zealot x2  
  36  26:42  Zealot  
  36  26:43  Zealot x2  
  36  26:44  Zealot  
  40  26:59  Void Ray (Chrono Boost)  
  44  27:02  Protoss Ground Weapons Level 3  
  44  27:36  Zealot x3  
  54  27:37  Zealot, Void Ray (Chrono Boost)  
  52  28:14  Void Ray (Chrono Boost)  
  52  28:16  Zealot x2  
  52  28:17  Zealot x2  
  60  28:52  Void Ray (Chrono Boost)  
  60  28:54  Zealot x3  
  60  28:55  Zealot  
  72  29:17  Assimilator  
  72  29:20  Pylon  
  72  29:22  Photon Cannon  
  72  29:24  Photon Cannon  
  72  29:26  Photon Cannon  
  72  29:28  Photon Cannon, Void Ray (Chrono Boost)  
  72  29:29  Photon Cannon  
  76  29:31  Pylon  
  68  29:39  Protoss Ground Armor Level 2  
  52  29:50  Zealot x2  
  52  29:51  Zealot x2  
  60  29:57  Protoss Air Weapons Level 1 (Chrono Boost)  
  60  30:00  Void Ray (Chrono Boost)  
  64  30:28  Zealot x2  
  66  30:29  Zealot x2  
  72  30:37  Void Ray  
  72  30:40  Nexus  
  72  30:43  Pylon  
  76  30:57  Zealot x2  
  76  31:00  Sentry  
  82  31:05  Sentry  
  84  31:19  Gateway  
  84  31:40  Stalker x2  
  88  32:05  Zealot  
  88  32:07  Zealot x3  
  96  32:44  Zealot  
  96  32:46  Sentry x3  
  104  33:00  Pylon  
  104  33:03  Photon Cannon  
  104  33:05  Photon Cannon  
  104  33:28  Probe  
  105  33:37  Zealot x2  
  105  33:38  Zealot x2  
  105  33:39  Probe  
  114  33:49  Probe  
  119  33:57  Sentry  
Tags
 
Add a new tag
Caveats
  • Supply blocks, unpowered buildings, or Contaminate may cause inaccurate times.
  • Supply counts are checked every 10 seconds.